[Event "Team 45 45 League T44"]
[Site "Internet Chess Club"]
[Date "2010.03.05"]
[Round "5"]
[White "YoniKer"]
[Black "ChatBanned"]
[Result "0-1"]
[WhiteElo "2090"]
[BlackElo "2282"]
[Opening "Sicilian defense"]
[ECO "B40"]
[Time "03:00:16"]
[TimeControl "2700+45"]

1. e4 c5 2. Nf3 e6 3. c4 Nc6 4. Nc3 e5 5. d3 d6 6. Be2 Be7 7. a3 Nf6 8. Rb1 Bg4
9. b4 Bxf3 10. Bxf3 b6 11. g3 O-O 12. Bg2 Nd4 13. O-O Rc8 14. f4 Nd7 15. Nd5 Nf6
16. Ne3 exf4 17. gxf4 b5 18. bxc5 Rxc5 19. Bb2 Ne6 20. d4 Rc8 21. cxb5 d5 22.
exd5 Nc7 23. a4 Ncxd5 24. Nxd5 Nxd5 25. Qb3 Nb6 26. Rbc1 Qd6 27. Rc6 Rxc6 28.
bxc6 Rb8 29. Ba1 Bf6 30. d5 Bxa1 31. Rxa1 Qxf4 32. Rf1 Qd4+ 33. Kh1 Rd8 34. Rd1
Qc5 35. a5 Nc8 36. Qb8 Re8 37. a6 Nd6 38. Rb1 Kf8 39. Qb2 f6 40. Rc1 Qa5 41. Qc2
Re1+ 42. Bf1 Qxd5+ 43. Kg1 Qg5+ {White resigns} 0-1

[Event "Team 45 45 League T44"]
[Site "Internet Chess Club"]
[Date "2010.03.06"]
[Round "5"]
[White "Oops"]
[Black "xakelari"]
[Result "1-0"]
[WhiteElo "2126"]
[BlackElo "2060"]
[Opening "QGD: Tarrasch, Prague variation, 9.Bg5"]
[ECO "D34"]
[Time "15:30:46"]
[TimeControl "2700+45"]

1. d4 d5 2. c4 e6 3. Nc3 c5 4. cxd5 exd5 5. Nf3 Nc6 6. g3 Nf6 7. Bg2 Be7 8. O-O
O-O 9. Bg5 cxd4 10. Nxd4 h6 11. Be3 Re8 12. Qa4 Bd7 13. Rfd1 Nb4 14. Qb3 a5 15.
a4 Bc5 16. Nxd5 Nfxd5 17. Bxd5 Nxd5 18. Qxd5 Qe7 19. Nc2 Bxe3 20. Qxd7 Bxf2+ 21.
Kxf2 Qxe2+ 22. Kg1 Qxc2 23. Rd2 Qc5+ 24. Kg2 Re7 25. Qd3 Rae8 26. Rf2 Qc6+ 27.
Qf3 Qxf3+ 28. Kxf3 Re4 29. Ra3 Rb4 30. Kg2 f6 31. Rd2 Re7 32. Kf2 b6 33. h4 Ree4
34. b3 Kf7 35. Rd7+ Re7 36. Rd3 f5 37. Ra2 Kf6 38. Rc2 Re6 39. Rc8 g5 40. hxg5+
hxg5 41. Rf8+ Ke5 42. Re3+ Re4 43. Rd3 f4 44. g4 Rb4 45. Kf3 Rg6 46. Re8+ Kf6
47. Rb8 Rg7 48. Rd6+ Ke5 49. Rdxb6 Rxb6 50. Rxb6 Rd7 51. Rg6 Rd3+ 52. Kf2 Rxb3
53. Rxg5+ Ke4 54. Rxa5 Rb2+ 55. Ke1 Kf3 56. g5 Rb1+ 57. Kd2 Rg1 58. Rb5 Rg4 59.
a5 Kg2 60. Rf5 f3 61. Ke3 Ra4 62. g6 Ra3+ 63. Kd2 f2 64. g7 Rg3 65. Ke2 Rxg7 66.
Rxf2+ Kg3 67. Rf3+ Kg4 68. a6 Re7+ 69. Re3 Rd7 70. Ra3 Ra7 71. Kd3 Kf5 72. Kc4
Ke6 73. Kc5 Ra8 74. Kb6 Kf6 75. a7 {Black resigns} 1-0

[Event "Team 45 45 League T44"]
[Site "Internet Chess Club"]
[Date "2010.03.08"]
[Round "5"]
[White "deepbloopers"]
[Black "frothyjowels"]
[Result "0-1"]
[WhiteElo "2198"]
[BlackElo "2369"]
[Opening "Benoni defense"]
[ECO "A61"]
[Time "20:00:09"]
[TimeControl "2700+45"]

1. d4 Nf6 2. Nf3 e6 3. c4 c5 4. d5 exd5 5. cxd5 d6 6. Nc3 g6 7. h3 Bg7 8. e4 O-O
9. Bd3 Nbd7 10. O-O Nh5 11. g4 Nhf6 12. Bf4 Nb6 13. Nd2 a6 14. a4 Qc7 15. a5
Nbd7 16. Nc4 Ne8 17. Bg3 b5 18. axb6 Nxb6 19. Ne3 c4 20. Bc2 Nf6 21. Kg2 Nfd7
22. Qd2 Nc5 23. f4 Qe7 24. e5 dxe5 25. f5 Bh6 26. f6 Qb7 27. Kh2 Rd8 28. Bxe5
Be6 29. Qf2 Bd7 30. Nf5 gxf5 31. Qxc5 Kh8 32. Qc7 Rab8 33. Bxf5 Bxf5 34. Rxf5
Nd7 35. Qxb7 Rxb7 36. g5 Nxe5 37. Rxe5 Rxb2+ 38. Kg3 Bf8 39. Rxa6 Rb3 40. Re3
Bc5 41. Rf3 Bd4 42. Ne2 Be5+ 43. Kg4 h5+ 44. gxh6 Rg8+ 45. Kf5 Rxf3+ 46. Kxe5
Re3+ 47. Kd4 Rxe2 48. Kxc4 Re4+ 49. Kc5 Rd8 50. d6 Re1 51. Kc6 Rc1+ 52. Kb7 Kh7
53. Rc6 Rd1 54. Kc7 Rh8 55. d7 Kxh6 56. Rd6 Rc1+ 57. Rc6 Rxc6+ 58. Kxc6 Kg6 59.
Kc7 Kxf6 60. d8=Q+ Rxd8 61. Kxd8 Kg6 {White resigns} 0-1

[Event "Team 45 45 League T44"]
[Site "Internet Chess Club"]
[Date "2010.03.08"]
[Round "5"]
[White "eurander"]
[Black "Stryker672"]
[Result "1/2-1/2"]
[WhiteElo "2211"]
[BlackElo "1928"]
[Opening "Ruy Lopez: classical defense, 4.c3"]
[ECO "C64"]
[Time "12:00:10"]
[TimeControl "2700+45"]

1. e4 e5 2. Nf3 Nc6 3. Bb5 Bc5 4. c3 Nf6 5. Qe2 Qe7 6. d3 d6 7. Be3 Bb6 8. Nbd2
O-O 9. O-O Nd8 10. Bxb6 axb6 11. d4 c6 12. dxe5 dxe5 13. Bc4 Bg4 14. h3 Bh5 15.
Qe3 b5 16. Bb3 Nd7 17. Rfe1 Ne6 18. g3 f6 19. Nh4 Bf7 20. Nf5 Qc5 21. Qf3 g6 22.
Nh6+ Kg7 23. Nxf7 Kxf7 24. Bxe6+ Kxe6 25. Qg4+ Ke7 26. Red1 Rfd8 27. Qh4 Nf8 28.
Qh6 Kf7 29. g4 Qe7 30. a3 Kg8 31. Nf3 Ne6 32. Qe3 Qc5 33. Qxc5 Nxc5 34. g5 Kf7
35. gxf6 Kxf6 36. Nd2 Rd3 37. Nf1 Rad8 38. Re1 Rxh3 39. Ng3 Rh4 40. Rad1 Rxd1
41. Rxd1 Nxe4 42. Nxe4+ Rxe4 43. Rd7 Re2 44. Rxb7 Rxb2 45. Rb6 Rb3 46. Rxc6+ Kf5
47. c4 bxc4 48. a4 c3 49. a5 Ra3 50. a6 Ke4 51. a7 Kd3 52. Rc7 c2 53. Rd7+ Kc3
54. Rc7+ Kb2 55. Rb7+ Kc3 56. Rc7+ Kd3 57. Rd7+ Ke4 58. Rc7 Rxa7 59. Rxc2 Kf4
60. Kg2 Ra3 61. Rc7 h5 62. Rf7+ Kg5 63. Rf8 e4 64. Re8 Ra4 65. Kg3 h4+ 66. Kh3
Ra3+ 67. Kg2 e3 68. fxe3 Ra2+ 69. Kf3 h3 70. Kg3 h2 71. Rh8 Re2 72. Kf3 Rb2 73.
Kg3 Kf5 74. Rxh2 Rxh2 75. Kxh2 Ke4 76. Kg3 Kxe3 77. Kg4 Ke4 78. Kg5 Ke5 {Game
drawn by mutual agreement} 1/2-1/2

[Event "Team 45 45 League T44"]
[Site "Internet Chess Club"]
[Date "2010.03.06"]
[Round "5"]
[White "technika"]
[Black "frontier"]
[Result "1-0"]
[WhiteElo "2022"]
[BlackElo "1909"]
[Opening "French: advance, Euwe variation"]
[ECO "C02"]
[Time "12:09:03"]
[TimeControl "2700+45"]

1. e4 e6 2. d4 d5 3. e5 c5 4. c3 Nc6 5. Nf3 Bd7 6. Be2 Qb6 7. O-O Rc8 8. a3 Nh6
9. b4 cxd4 10. Bxh6 gxh6 11. cxd4 a5 12. b5 Ne7 13. Qd3 Nf5 14. Nc3 Rg8 15. Rfc1
h5 16. Na4 Qd8 17. Nc5 Bh6 18. Rd1 b6 19. Nxd7 Qxd7 20. Nd2 h4 21. Rac1 Ke7 22.
Rxc8 Rxc8 23. Bg4 Bxd2 24. Qxd2 Rc4 25. Bxf5 exf5 26. Qg5+ Ke8 27. Qxh4 Qxb5 28.
Qxh7 Rxd4 29. Qh8+ Kd7 30. e6+ {Black resigns} 1-0

[Event "Team 45 45 League T44"]
[Site "Internet Chess Club"]
[Date "2010.03.08"]
[Round "5"]
[White "f5"]
[Black "pentti63"]
[Result "0-1"]
[WhiteElo "2136"]
[BlackElo "2217"]
[Opening "Caro-Kann: classical, Spassky variation"]
[ECO "B19"]
[Time "15:20:18"]
[TimeControl "2700+45"]

1. e4 c6 2. d4 d5 3. Nc3 dxe4 4. Nxe4 Bf5 5. Ng3 Bg6 6. h4 h6 7. Nf3 Nd7 8. h5
Bh7 9. Bd3 Bxd3 10. Qxd3 e6 11. Bf4 Qa5+ 12. Bd2 Bb4 13. c3 Be7 14. c4 Qc7 15.
O-O-O Ngf6 16. Ne4 Rd8 17. Kb1 c5 18. Bc3 cxd4 19. Bxd4 O-O 20. b3 a5 21. Nc3
Bb4 22. Nb5 Qc8 23. Qc2 a4 24. Bb2 axb3 25. axb3 Qc6 26. Rh4 Be7 27. Nbd4 Qa6
28. g4 Nh7 29. Rhh1 Nc5 30. Rhe1 Ra8 31. Re3 Bf6 32. Nb5 Qa1+ {White resigns}
0-1

[Event "Team 45 45 League T44"]
[Site "Internet Chess Club"]
[Date "2010.03.07"]
[Round "5"]
[White "NFork"]
[Black "chiiwen"]
[Result "1-0"]
[WhiteElo "2323"]
[BlackElo "2147"]
[Opening "Sicilian: Kan, 5.Bd3"]
[ECO "B42"]
[Time "11:34:50"]
[TimeControl "2700+45"]

1. e4 c5 2. Nf3 e6 3. d4 cxd4 4. Nxd4 a6 5. Bd3 Nf6 6. O-O Qc7 7. c4 d6 8. Nc3
b6 9. Bd2 Bb7 10. Qe2 Nbd7 11. f4 Be7 12. b4 O-O 13. Rac1 Rfe8 14. Nf3 Red8 15.
Rfe1 Rac8 16. a3 Qb8 17. Qf2 h6 18. Qg3 Kh8 19. f5 Ne5 20. Nxe5 dxe5 21. fxe6
fxe6 22. Qh3 Nh7 23. Rcd1 Bg5 24. Be3 Bxe3+ 25. Qxe3 Rd4 26. Ne2 Rd6 27. Qg3
Rdd8 28. Rf1 Rd7 29. Qg6 Nf8 30. Qg4 Rcd8 31. Rf3 Qa8 32. Rdf1 Nh7 33. Rg3 Ng5
34. h4 Nxe4 35. Bxe4 Bxe4 36. Qxe6 Bd3 37. Rf8+ {Black resigns} 1-0

[Event "Team 45 45 League T44"]
[Site "Internet Chess Club"]
[Date "2010.03.09"]
[Round "5"]
[White "perikitosax"]
[Black "pebble767"]
[Result "1/2-1/2"]
[WhiteElo "1887"]
[BlackElo "2085"]
[Opening "QGD Slav: 5.e3 (Alekhine variation)"]
[ECO "D15"]
[Time "14:06:22"]
[TimeControl "2700+45"]

1. d4 d5 2. Nf3 Nf6 3. c4 c6 4. Nc3 dxc4 5. e3 b5 6. a4 b4 7. Nb1 Ba6 8. Nbd2 c3
9. bxc3 bxc3 10. Nc4 e6 11. Ba3 Bxa3 12. Rxa3 Ne4 13. Bd3 O-O 14. Qc2 f5 15.
Nfe5 c5 16. Bxe4 fxe4 17. dxc5 Nd7 18. Nxd7 Bxc4 19. Nxf8 Kxf8 20. Rxc3 Bd3 21.
Rxd3 exd3 22. Qc3 Qd5 23. O-O Rc8 24. Qd4 Rxc5 25. Qxd5 Rxd5 26. Rd1 Kf7 27. f3
Ra5 28. Rxd3 Rxa4 29. Kf2 Kf6 30. g4 {Game drawn by mutual agreement} 1/2-1/2

[Event "Team 45 45 League T44"]
[Site "Internet Chess Club"]
[Date "2010.03.08"]
[Round "5"]
[White "easycure"]
[Black "freestyle"]
[Result "0-1"]
[WhiteElo "2362"]
[BlackElo "2282"]
[Opening "Nimzo-Indian: Sämisch, Keres variation"]
[ECO "E25"]
[Time "15:00:15"]
[TimeControl "2700+45"]

1. d4 Nf6 2. c4 e6 3. Nc3 Bb4 4. f3 d5 5. a3 Bxc3+ 6. bxc3 c5 7. cxd5 Nxd5 8.
dxc5 Qa5 9. e4 Ne7 10. Be3 O-O 11. Qb3 Qc7 12. Nh3 e5 13. Nf2 Nec6 14. Nd3 Be6
15. Qa4 Na5 16. Rb1 Nd7 17. Be2 Rac8 18. Rb4 Nc6 19. Rb1 Na5 20. Bf2 Bc4 21. c6
b5 22. Rxb5 Bxb5 23. Qxb5 Rb8 24. Qa4 Rb1+ 25. Bd1 Nxc6 26. O-O Rd8 27. Qc2 Rb7
28. Bg3 Na5 29. Nb4 Nc4 30. Nd5 Qc5+ 31. Kh1 Ndb6 32. Bh4 Nxd5 33. Bxd8 Nde3 34.
Qb2 {White resigns} 0-1

[Event "Team 45 45 League T44"]
[Site "Internet Chess Club"]
[Date "2010.03.05"]
[Round "5"]
[White "egyptiantiger"]
[Black "Ser-Enigma"]
[Result "0-1"]
[WhiteElo "2150"]
[BlackElo "2147"]
[Opening "QGA, 4.Nc3"]
[ECO "D24"]
[Time "14:18:16"]
[TimeControl "2700+45"]

1. d4 d5 2. c4 dxc4 3. Nf3 Nf6 4. Nc3 Nd5 5. e4 Nb6 6. Bxc4 Nxc4 7. Qa4+ c6 8.
Qxc4 g6 9. Ne5 e6 10. O-O b5 11. Qd3 Bg7 12. f4 O-O 13. Be3 a5 14. Rfd1 Ba6 15.
Qc2 Qc7 16. Rac1 Nd7 17. Nf3 Rac8 18. e5 f5 19. Ng5 Rfe8 20. Qb3 a4 21. Nxa4
bxa4 22. Qxa4 Qb7 23. b4 h6 24. Nf3 Nb6 25. Qb3 Nd5 26. Bd2 Bf8 27. a3 c5 28.
Nh4 cxb4 29. Rxc8 Rxc8 30. axb4 Be2 31. Rb1 Bh5 32. h3 Kf7 33. b5 Qb6 34. Qd3
Be7 35. Nf3 Bxf3 36. gxf3 Rb8 37. Kg2 Ra8 38. Qc4 Nc7 39. Kg3 Rd8 40. Be3 Rd5
41. h4 Rxb5 42. d5 Qxe3 43. dxe6+ Kf8 44. Ra1 Qb6 45. h5 Rc5 46. Qd4 gxh5 47.
Qd7 Qxe6 48. Qd3 h4+ 49. Kh2 Rd5 50. Qc2 Qd7 51. Qc3 Rd2+ 52. Kh3 Rd3 53. Qc2
Rxf3+ 54. Kg2 Rxf4 55. Rd1 Qa4 {White resigns} 0-1

[Event "Team 45 45 League T44"]
[Site "Internet Chess Club"]
[Date "2010.03.06"]
[Round "5"]
[White "jorobo"]
[Black "miazga"]
[Result "1/2-1/2"]
[WhiteElo "2143"]
[BlackElo "2047"]
[Opening "QGD: semi-Slav, Marshall gambit"]
[ECO "A11"]
[Time "19:01:09"]
[TimeControl "2700+45"]

1. c4 c6 2. Nc3 d5 3. d4 e6 4. e4 Bb4 5. cxd5 exd5 6. e5 c5 7. a3 Bxc3+ 8. bxc3
Nc6 9. Nf3 Nge7 10. Be2 O-O 11. O-O Bf5 12. Be3 cxd4 13. Bxd4 Ng6 14. Re1 Re8
15. Bb5 Bg4 16. Bxc6 bxc6 17. h3 Bxf3 18. Qxf3 Qa5 19. Rac1 Qxa3 20. Ra1 Qe7 21.
Qe3 a5 22. f4 f5 23. Ra4 Ra6 24. Rea1 Rea8 25. Bb6 Qb7 26. Rxa5 Nxf4 27. Rxa6
Rxa6 28. Rxa6 Qxa6 29. Qxf4 Qxb6+ 30. Kh2 {Game drawn by mutual agreement}
1/2-1/2

[Event "Team 45 45 League T44"]
[Site "Internet Chess Club"]
[Date "2010.03.07"]
[Round "5"]
[White "Zornorph"]
[Black "TerryMalloy"]
[Result "1-0"]
[WhiteElo "2071"]
[BlackElo "2067"]
[Opening "King's gambit"]
[ECO "C30"]
[Time "14:05:24"]
[TimeControl "2700+45"]

1. e4 e5 2. f4 d6 3. Nf3 Nc6 4. Bb5 Bd7 5. Nc3 Nf6 6. d4 Be7 7. Bxc6 Bxc6 8. d5
Bd7 9. fxe5 dxe5 10. Nxe5 O-O 11. Nxd7 Qxd7 12. e5 Ng4 13. e6 Qd6 14. Qxg4 Qe5+
15. Qe4 Bh4+ 16. g3 Bxg3+ 17. hxg3 Qxg3+ 18. Ke2 fxe6 19. Qxh7+ Kf7 20. Be3 Qg2+
21. Kd3 Rh8 22. Raf1+ Ke7 23. Bc5+ Kd7 24. Rf7+ {Black resigns} 1-0

[Event "Team 45 45 League T44"]
[Site "Internet Chess Club"]
[Date "2010.03.07"]
[Round "5"]
[White "cknights"]
[Black "parrot9"]
[Result "1-0"]
[WhiteElo "1822"]
[BlackElo "1714"]
[Opening "QGD semi-Slav: Meran, Wade variation"]
[ECO "D47"]
[Time "11:45:01"]
[TimeControl "2700+45"]

1. d4 d5 2. c4 c6 3. Nc3 Nf6 4. Nf3 e6 5. e3 Nbd7 6. Bd3 dxc4 7. Bxc4 b5 8. Bd3
Bb7 9. O-O b4 10. Na4 c5 11. dxc5 Nxc5 12. Nxc5 Bxc5 13. Bb5+ Ke7 14. Qe2 Qb6
15. Ne5 Rhd8 16. Bd3 Kf8 17. b3 Qd6 18. Bb2 Rac8 19. Rfd1 Qe7 20. Rac1 Bd6 21.
Nc4 Bb8 22. f3 Nd5 23. Qf2 Qg5 24. f4 Nxf4 25. exf4 Bxf4 26. h4 Qg4 27. Be2 Qg6
28. h5 Qg5 29. Rxd8+ Rxd8 30. Rf1 Rd2 31. Bc1 Rxe2 32. Qxe2 Bxc1 33. Qc2 Qc5+
34. Rf2 Bg5 35. Kf1 Ba6 36. Rf3 Bf6 37. Qd3 Qxh5 38. Qd6+ Be7 39. Qb8+ {Black
resigns} 1-0

[Event "Team 45 45 League T44"]
[Site "Internet Chess Club"]
[Date "2010.03.05"]
[Round "5"]
[White "Invicta-Knight"]
[Black "achessfool"]
[Result "1-0"]
[WhiteElo "1574"]
[BlackElo "1536"]
[Opening "French: advance, Euwe variation"]
[ECO "C02"]
[Time "13:31:23"]
[TimeControl "2700+45"]

1. e4 e6 2. d4 d5 3. e5 c5 4. c3 Nc6 5. Nf3 Bd7 6. Bd3 cxd4 7. cxd4 Qb6 8. Qe2
Rc8 9. O-O Nxd4 10. Nxd4 Qxd4 11. Kh1 a6 12. f4 Bc5 13. Nc3 Nh6 14. a3 O-O 15.
Bd2 Nf5 16. Rf3 f6 17. g4 Nh4 18. Rh3 Qf2 19. Qxf2 Bxf2 20. Rf1 f5 21. Rxf2 d4
22. Ne2 Bc6+ 23. Kg1 Ng6 24. gxf5 exf5 25. Bc4+ Kh8 26. Nxd4 Bg2 27. Rxg2 Rxc4
28. Ne6 Re8 29. Rxg6 Kg8 30. Rxg7+ {Black resigns} 1-0

[Event "Team 45 45 League T44"]
[Site "Internet Chess Club"]
[Date "2010.03.08"]
[Round "5"]
[White "BishopMike"]
[Black "dscvdchk"]
[Result "1-0"]
[WhiteElo "1526"]
[BlackElo "1538"]
[Opening "King's pawn game"]
[ECO "C21"]
[Time "15:10:24"]
[TimeControl "2700+45"]

1. e4 e5 2. d4 Nc6 3. d5 Nb8 4. Nc3 d6 5. h3 h6 6. Bb5+ Bd7 7. Bxd7+ Nxd7 8. Be3
Ngf6 9. Nge2 Nb6 10. f4 Nc4 11. Bc1 Be7 12. Qd3 Nb6 13. Be3 O-O 14. g4 Nh7 15.
O-O-O Qd7 16. Ng3 g6 17. Rdg1 Bh4 18. f5 Kg7 19. Nh5+ gxh5 20. gxh5+ Kh8 21.
Bxh6 Rg8 22. Qf3 Bg5+ 23. Bxg5 Nxg5 24. Qe3 f6 25. h4 Nf7 26. Rg6 Rg7 27. h6 Rh7
28. Rhg1 a6 29. Rxf6 Nc4 30. Qg3 Nxh6 31. Rg6 Qf7 32. h5 b5 33. b3 Nb6 34. Qe3
Ng8 35. Qg5 b4 36. Ne2 Nd7 37. Qh4 Ndf6 38. h6 Qf8 39. Ng3 Rxh6 40. Qg5 Rxg6 41.
fxg6 Kg7 42. Nf5+ {Black resigns} 1-0

[Event "Team 45 45 League T44"]
[Site "Internet Chess Club"]
[Date "2010.03.08"]
[Round "5"]
[White "stputte"]
[Black "TheronUAL"]
[Result "1-0"]
[WhiteElo "1444"]
[BlackElo "1482"]
[Opening "Caro-Kann: Tartakower (fantasy) variation"]
[ECO "B12"]
[Time "10:33:09"]
[TimeControl "2700+45"]

1. e4 c6 2. d4 d5 3. f3 e6 4. Nc3 dxe4 5. fxe4 Bb4 6. Nf3 Qc7 7. Bc4 b5 8. Be2
Nf6 9. Qd3 Nbd7 10. O-O e5 11. Kh1 O-O 12. Be3 Rd8 13. Bg5 h6 14. Bxf6 Nxf6 15.
d5 Bxc3 16. Qxc3 Nxe4 17. Qxc6 Qb8 18. Qxb5 Qxb5 19. Bxb5 Rb8 20. Bd3 Nf6 21.
Nxe5 Rxd5 22. Nc4 Bb7 23. Rae1 Rg5 24. Re2 Re8 25. Rxe8+ Nxe8 26. Rf2 Nf6 27.
Re2 Bd5 28. b3 g6 29. Nd6 Be6 30. Ne4 Rf5 31. Nxf6+ Rxf6 32. Kg1 Kf8 33. Rf2 Ke7
34. Rxf6 Kxf6 35. Kf2 Ke5 36. Ke3 f5 37. g3 g5 38. c4 h5 39. c5 a5 40. Bc4 Bd5
41. a3 Bxc4 42. bxc4 Ke6 43. Kd4 Kd7 44. Kd5 f4 45. gxf4 gxf4 46. Ke4 f3 47.
Kxf3 Kc6 48. Ke3 Kxc5 49. Kd3 h4 50. Kc3 Kc6 51. Kd4 Kd6 52. c5+ Kc6 53. Kc4 a4
54. h3 Kc7 55. Kb5 Kd7 56. Kxa4 Kc6 57. Kb4 Kb7 58. Kb5 Kc7 59. a4 Kb7 60. c6+
Kc7 61. Kc5 Kc8 62. Kb6 Kb8 63. c7+ Kc8 64. a5 {Black resigns} 1-0

[Event "Team 45 45 League T44"]
[Site "Internet Chess Club"]
[Date "2010.03.06"]
[Round "5"]
[White "Timotheous"]
[Black "batttoman"]
[Result "1/2-1/2"]
[WhiteElo "1625"]
[BlackElo "1444"]
[Opening "Réti accepted"]
[ECO "A09"]
[Time "15:00:54"]
[TimeControl "2700+45"]

1. Nf3 d5 2. c4 dxc4 3. Na3 Nf6 4. Nxc4 c5 5. g3 Nc6 6. Bg2 e6 7. O-O Bd6 8.
Nxd6+ Qxd6 9. b3 O-O 10. Bb2 e5 11. d3 Re8 12. Rc1 a5 13. a3 Rb8 14. Rc2 Bd7 15.
Qa1 Nd4 16. Nxd4 exd4 17. Qc1 b6 18. Qd2 Rec8 19. Rfc1 Be6 20. Rb1 Bxb3 21. Rcc1
a4 22. e3 dxe3 23. fxe3 c4 24. Bxf6 gxf6 25. Bf3 cxd3 26. Be4 Rxc1+ 27. Rxc1 Bc2
28. Kf2 Qxa3 29. Bd5 Rc8 30. Be4 Rd8 31. Rxc2 dxc2 32. Qxd8+ Kg7 33. Bxc2 Qb2
34. Qd3 b5 35. Qxh7+ Kf8 36. Qh8+ Ke7 37. Qc8 a3 38. Qc5+ Ke8 39. Qc8+ Ke7 40.
Qc5+ Ke8 41. Qc8+ Ke7 42. Qc5+ Ke8 {Game drawn by repetition} 1/2-1/2

[Event "Team 45 45 League T44"]
[Site "Internet Chess Club"]
[Date "2010.03.04"]
[Round "5"]
[White "EminenceFront"]
[Black "John3v16"]
[Result "0-1"]
[WhiteElo "1396"]
[BlackElo "1653"]
[Opening "French: Labourdonnais variation"]
[ECO "C00"]
[Time "14:38:26"]
[TimeControl "2700+45"]

1. e4 e6 2. f4 d5 3. exd5 exd5 4. Nf3 Nf6 5. d4 c5 6. c4 cxd4 7. cxd5 Qxd5 8.
Ne5 Bd6 9. Qc2 O-O 10. Bc4 Qe4+ 11. Qxe4 Nxe4 12. Bd5 Nf6 13. Bf3 Re8 14. O-O
Bxe5 15. fxe5 Rxe5 16. Bf4 Re8 17. Rd1 Nc6 18. Na3 a6 19. Nc4 Be6 20. Nb6 Ra7
21. Rd3 Nd7 22. Bc7 Nxb6 23. Bxb6 Raa8 24. a3 Bf5 25. Rd2 d3 26. Rf1 Bg6 27. Bd5
Re2 28. Rxe2 dxe2 29. Re1 Bd3 30. Bf3 Re8 31. Kf2 Re6 32. Bxe2 Bxe2 33. Rxe2
Rxe2+ 34. Kxe2 Ne5 35. b4 Nc4 36. Ba5 Nxa3 37. Kd3 f5 38. Kd4 Nc2+ 39. Kc5 f4
40. Kb6 Ne3 41. Kxb7 Nxg2 42. Bb6 Ne3 43. Kxa6 Nd5 44. b5 Nxb6 45. Kxb6 f3 46.
Kc7 f2 47. b6 f1=Q 48. b7 Qf4+ 49. Kc6 Qxh2 {White resigns} 0-1

[Event "Team 45 45 League T44"]
[Site "Internet Chess Club"]
[Date "2010.03.07"]
[Round "5"]
[White "zachi"]
[Black "gerailen0075"]
[Result "1-0"]
[WhiteElo "1957"]
[BlackElo "1809"]
[Opening "French: Fort Knox variation"]
[ECO "C10"]
[Time "09:01:26"]
[TimeControl "2700+45"]

1. e4 e6 2. d4 d5 3. Nc3 dxe4 4. Nxe4 Bd7 5. Nf3 Bc6 6. Bd3 Nd7 7. O-O Bxe4 8.
Bxe4 c6 9. Ne5 Ngf6 10. Bd3 Be7 11. f4 Qb6 12. Kh1 O-O 13. f5 Qxd4 14. Nxf7 Ng4
15. fxe6 Nf2+ 16. Rxf2 Nf6 17. Bxh7+ Nxh7 18. Qxd4 {Black resigns} 1-0

[Event "Team 45 45 League T44"]
[Site "Internet Chess Club"]
[Date "2010.03.07"]
[Round "5"]
[White "ILRE"]
[Black "scar99"]
[Result "1-0"]
[WhiteElo "1457"]
[BlackElo "1484"]
[Opening "French: exchange variation"]
[ECO "C01"]
[Time "14:00:17"]
[TimeControl "2700+45"]

1. e4 e6 2. d4 d5 3. exd5 exd5 4. Bd3 Nc6 5. c3 Bd6 6. Nf3 Nge7 7. h3 Bf5 8. O-O
Qd7 9. Bxf5 Qxf5 10. Nbd2 O-O-O 11. b4 Ng6 12. Nb3 Rde8 13. b5 Nce7 14. a4 Nf4
15. Bxf4 Qxf4 16. Nc5 g5 17. Nd3 Qf5 18. Nde5 h5 19. Qd3 Qf4 20. Qe3 Qxe3 21.
fxe3 f6 22. Nf7 Rhg8 23. Nxd6+ cxd6 24. Nd2 f5 25. c4 g4 26. h4 Rgf8 27. cxd5
Nxd5 28. e4 Ne3 29. Rac1+ Kd7 30. Rfe1 f4 31. g3 Rc8 32. Rxc8 Rxc8 33. gxf4 Rc3
34. Nf1 Nxf1 35. Kxf1 Rf3+ 36. Kg2 Rxf4 37. Re3 d5 38. exd5 Rxd4 39. Re5 Kd6 40.
Rxh5 Rxa4 41. Rg5 a5 42. bxa6 bxa6 43. h5 Rf4 44. Kg3 Re4 45. h6 a5 46. h7 Re8
47. Rg8 Re3+ 48. Kxg4 Re4+ 49. Kf3 {Black resigns} 1-0

[Event "Team 45 45 League T44"]
[Site "Internet Chess Club"]
[Date "2010.03.07"]
[Round "5"]
[White "Kingangyal"]
[Black "BrandonBee"]
[Result "1-0"]
[WhiteElo "1477"]
[BlackElo "1472"]
[Opening "Dutch"]
[ECO "A80"]
[Time "10:02:23"]
[TimeControl "2700+45"]

1. d4 f5 2. Bf4 Nf6 3. e3 e6 4. Nf3 Be7 5. h3 d6 6. Be2 Nd5 7. Bh2 Nd7 8. c4
N5f6 9. O-O Nf8 10. Nc3 Ng6 11. Rc1 O-O 12. Qc2 h6 13. Bd3 Nh7 14. e4 Nh4 15.
Qe2 Nxf3+ 16. Qxf3 fxe4 17. Qxe4 Ng5 18. Qe2 Bf6 19. Qe3 e5 20. dxe5 dxe5 21.
Rfd1 Qe8 22. Ne4 Qc6 23. Rc2 b6 24. f3 Bb7 25. b3 Be7 26. Bxe5 Rae8 27. Bd4 Bf6
28. Bxf6 gxf6 29. Qf4 Re5 30. Re2 Nxe4 31. Bxe4 Qc5+ 32. Kh1 Bxe4 33. Rxe4 Rf5
34. Qg4+ Rg5 35. Qe6+ Kh8 36. Qe7 Qxe7 37. Rxe7 Rfg8 38. Rdd7 R5g7 39. Rxc7 Rxe7
40. Rxe7 Rg7 41. Rxg7 Kxg7 42. a4 Kf7 43. g4 Ke6 44. Kg2 Ke5 45. Kg3 a6 46. f4+
Ke4 47. h4 a5 48. g5 fxg5 49. hxg5 hxg5 50. fxg5 Kf5 51. Kh4 Kg6 52. Kg4 Kf7 53.
Kf5 Kg7 54. Ke6 Kg6 55. Kd6 Kxg5 56. Kc6 {Black resigns} 1-0

[Event "Team 45 45 League T44"]
[Site "Internet Chess Club"]
[Date "2010.03.08"]
[Round "5"]
[White "Helaman"]
[Black "kingsrook"]
[Result "1/2-1/2"]
[WhiteElo "1460"]
[BlackElo "1347"]
[Opening "Caro-Kann: classical variation"]
[ECO "B18"]
[Time "17:30:10"]
[TimeControl "2700+45"]

1. e4 c6 2. d4 d5 3. Nc3 dxe4 4. Nxe4 Bf5 5. Ng3 Bg6 6. Nf3 Nd7 7. Bd3 Bxd3 8.
Qxd3 e6 9. Bf4 Ngf6 10. O-O Be7 11. Ne5 O-O 12. c4 c5 13. Nf3 cxd4 14. Qxd4 Bc5
15. Qd3 Qb6 16. b3 Rad8 17. Qc2 Rfe8 18. Rae1 a5 19. h3 Bb4 20. Be3 Qc7 21. Rd1
e5 22. Ng5 h6 23. N5e4 Be7 24. Nf5 Nxe4 25. Qxe4 Nf6 26. Qb1 Bc5 27. Bxc5 Qxc5
28. Rxd8 Rxd8 29. Rd1 Qc7 30. Rxd8+ Qxd8 31. Qc2 b6 32. Kf1 Kf8 33. Ke2 e4 34.
c5 Qd3+ 35. Qxd3 exd3+ 36. Kxd3 bxc5 37. g3 h5 38. Nd6 Nd7 39. Nb7 a4 40. bxa4
Ke7 41. Kc4 Nb6+ 42. Kxc5 Nxa4+ 43. Kb4 Nb6 44. a4 Kd7 45. Kb5 Kc7 46. Nc5 g6
47. a5 Na8 48. a6 Nb6 49. a7 g5 50. Ne4 g4 51. hxg4 hxg4 52. Nf6 Kb7 53. a8=Q+
Nxa8 54. Nxg4 Nc7+ 55. Kc5 Ne6+ 56. Kd5 Kc7 57. Ne5 Nd8 58. Ke4 Kd6 59. Kf5 Ke7
60. f4 Ne6 61. g4 Ng7+ 62. Ke4 f6 63. Ng6+ Kf7 64. f5 Ne8 65. Kd5 Nc7+ 66. Kd6
Ne8+ 67. Kd7 Ng7 68. Nf4 Ne8 69. Kc6 Ng7 70. Kd5 Ke7 71. Ke4 Ne8 72. Kf3 Kf7 73.
Kg3 Kg7 74. Kh4 Kh6 75. Nd5 Kh7 76. Kh5 Ng7+ 77. Kh4 Ne8 78. Kh5 Ng7+ 79. Kh4
Ne8 80. g5 fxg5+ 81. Kxg5 Kg7 82. Nf4 Nf6 83. Ne6+ Kf7 84. Nd8+ Kg7 85. Nc6 Ne4+
86. Kf4 Nf6 87. Ke5 Nd7+ 88. Ke6 Nf6 89. Ke7 Nd5+ 90. Ke8 Kf6 91. Nd8 Kxf5 {Game
drawn because neither player has mating material} 1/2-1/2

[Event "Team 45 45 League T44"]
[Site "Internet Chess Club"]
[Date "2010.03.08"]
[Round "5"]
[White "Eyechess"]
[Black "Andressa"]
[Result "1-0"]
[WhiteElo "1645"]
[BlackElo "1553"]
[Opening "Bishop's opening: Berlin defense"]
[ECO "C24"]
[Time "20:28:34"]
[TimeControl "2700+45"]

1. e4 e5 2. Bc4 Nf6 3. d3 Bc5 4. Nc3 Nc6 5. f4 d6 6. Nf3 O-O 7. f5 Na5 8. Bg5
Nxc4 9. dxc4 a6 10. Nd5 c6 11. Nxf6+ gxf6 12. Bh6 Re8 13. Nxe5 Bxf5 14. exf5
Rxe5+ 15. Kd2 Kh8 16. Qf3 Qa5+ 17. c3 Ba7 18. Bf4 Rxf5 19. g4 Rg5 20. b4 Qd8 21.
Bxg5 fxg5 22. Qxf7 Qb6 23. Qf6+ Kg8 24. Qxg5+ Kh8 25. Qf6+ Kg8 26. Qe6+ Kg7 27.
Qe7+ Kg8 28. Rhf1 Qd8 29. Qxd8+ Rxd8 30. Rae1 {Black resigns} 1-0